Match 28044584
Unlisted

Match 28044584
End
Pioneer Squad
Construct Infanterie Kompanie
Selects Mechanized Battlegroup
Grenadier Squad
MG 42 Machine Gun Team
Grenadier Squad
Construct Panzergrenadier Kompanie
251 Medium Carrier
Selects Raid Package
Pak 40 Anti-tank Gun Team
Medical Bunker
Panzergrenadier Squad
Selects 8 Rad Armored Car
msw.*****
Ghost
HulkSMASH
Ruby
0
0

Comments sign in to comment!

No comments posted yet!